 Dungeon Crawl Stone Soup version 0.28-a0-172-g787e458d71 (webtiles) character file.

Game seed: 10372964479228490783

10335 Mandhar the Fighter (level 11, -5/108 HPs)
             Began as a Gargoyle Berserker on Aug 16, 2021.
             Was an Elder of Trog.
             Slain by an orc warlord (12 damage)
             ... on level 9 of the Dungeon.
             The game lasted 00:35:14 (9428 turns).

Mandhar the Fighter (Gargoyle Berserker)            Turns: 9428, Time: 00:35:14

Health: -5/108     AC: 36    Str: 24    XL:     11   Next: 60%
Magic:  9/9        EV:  9    Int:  8    God:    Trog [****..]
Gold:   580        SH:  0    Dex: 11    Spells: 10/10 levels left

rFire   . . .      SeeInvis .   a - +1 battleaxe
rCold   + . .      Faith    .   (shield currently unavailable)
rNeg    + . .      Spirit   .   u - +3 chain mail {rC+}
rPois   ∞          Reflect  .   (no helmet)
rElec   +          Harm     .   D - +2 cloak
rCorr   .          Rampage  .   k - +2 pair of gloves
Will    ++...                   f - +2 pair of boots
Stlth   ..........              (no amulet)
HPRegen 2.28/turn               n - +4 ring of protection
MPRegen 0.11/turn               (no ring)

@: berserking (expiring), strong-willed, regenerating, very quick
A: sickness immunity, AC +8, negative energy resistance 1, electricity
resistance, torment resistance 1, petrification resistance, agile 1, low mp 1,
regeneration 1
a: Renounce Religion, Berserk, Trog's Hand, Brothers in Arms


You were on level 9 of the Dungeon.
You worshipped Trog.
Trog was greatly pleased with you.
You visited 2 branches of the dungeon, and saw 10 of its levels.

You collected 745 gold pieces.
You spent 165 gold pieces at shops.

Inventory:

Hand Weapons
 a - a +1 battleaxe (weapon)
 b - the +3 shortbow of Guosu {venom, Will+}
   (You found it on level 8 of the Dungeon)

   Any ammunition fired from it poisons the flesh of those it strikes.
   Will:      It increases your willpower.
Missiles
 c - 132 arrows
 A - 4 throwing nets (quivered)
Armour
 f - a +2 pair of boots (worn)
 k - a +2 pair of gloves (worn)
 r - a +0 chain mail
 u - a +3 chain mail of cold resistance (worn)
 D - a +2 cloak (worn)
Jewellery
 g - a +4 ring of evasion
 n - a +4 ring of protection (left hand)
Wands
 q - a wand of polymorph (6)
 w - a wand of paralysis (4)
 B - a wand of flame (10)
Scrolls
 h - 2 scrolls of noise
 m - 3 scrolls of blinking
 o - 4 scrolls of teleportation
Potions
 d - 2 potions of berserk rage
 e - a potion of haste
 i - 3 potions of heal wounds
 l - 12 potions of degeneration
 p - a potion of magic
 s - a potion of curing {unknown}
 t - 2 potions of might
 v - 2 potions of resistance
 z - a potion of mutation
 E - a potion of cancellation {unknown}


   Skills:
 + Level 10.2 Fighting
 + Level 9.8(10.3) Axes
 - Level 3.6(7.7) Maces & Flails
 - Level 3.9(7.4) Polearms
 * Level 5.0 Bows
 + Level 10.0 Armour
 - Level 1.5 Dodging


You had 10 spell levels left.
You didn't know any spells.
Your spell library was empty.

Dungeon Overview and Level Annotations

Branches:
Dungeon (9/15)             Temple (0/1) D:4            Lair (0/6) D:9
    Orc (1/2) D:9

Altars:
Elyvilon
Fedhas
Gozag
Qazlal
Trog
Vehumet
Wu Jian
Xom
Zin
The Shining One
Beogh

Shops:
D:4 *   D:6 ?


Innate Abilities, Weirdness & Mutations

You are immune to sickness and miasma.
Your stone body is resilient. (AC +8)
You are immune to poison.
You resist negative energy. (rN+)
You are resistant to electric shocks. (rElec)
You are resistant to unholy torment.
You are immune to petrification.
You are agile. (Dex +2)
Your magical capacity is low. (-10% MP)
Your natural rate of healing is unusually fast.


Message History

The warg bites you but does no damage.
You hear a shout!
The orc shouts!
Your Bows skill increases to level 5!
You are too injured to fight recklessly!
You are too injured to fight recklessly!
You hear a shout! x2
The orc warlord hits you but does no damage.
The orc knight roars a battlecry!
The orcs go into a battle-frenzy!
The orc warrior hits you with a +0 hand axe.
The orc warrior barely misses you.
The orc warrior hits you from afar with a +0 trident!!
* * * LOW HITPOINT WARNING * * *
The orc sorcerer gestures wildly while chanting.
The orc priest mumbles some strange prayers to Beogh against you.
Beogh smites you!
* * * LOW HITPOINT WARNING * * *
The orc priest begins to cast a cantrip, but forgets the words!
You climb upwards.
Welcome back to the Dungeon!
The sun demon disappears in a puff of smoke!
The orange demon disappears in a puff of smoke!
You feel a strong urge to attack something.
There is a staircase to the Orcish Mines here.
You slash the orc knight!
The orc knight is severely wounded.
You completely miss the orc warrior. You hit the warg.
You slash the orc sorcerer! The orc warlord blocks your attack.
The warg bites you but does no damage.
The orc warlord hits you with a +0 war axe.
* * * LOW HITPOINT WARNING * * *
The orc knight hits you but does no damage.
The orc warrior hits you with a +0 hand axe.
* * * LOW HITPOINT WARNING * * *
The orc sorcerer gestures wildly while chanting.
You hit the orc knight.
The orc knight is severely wounded.
You barely miss the orc warrior. You hit the warg. You hit the orc sorcerer.
The orc warlord blocks your attack. The warg bites you but does no damage.
The orc warlord hits you with a +0 war axe!
You die...

############# ##...#
#######################
................#...≈.#
......).........#....≈#
)...##................###
............).........#.#
...)............)...#.#.#
........†.....[ooo4.#.#.#
...............h@o..#.'.#
#########################


You could see an orc warlord (strong), an orc knight (strong), a chaos spawn
(summoned), a warg, an orc sorcerer (strong) and an orc warrior (strong).

Vanquished Creatures
  Harold (D:7)
  A boulder beetle (D:8)
  2 two-headed ogres
  Pikel (D:6)
  An ugly thing (D:8)
  A komodo dragon (D:9)
  A shadow (D:6)
  8 yaks
  4 steam dragons
  Edmund (D:4)
  An acid dragon (D:8)
  2 water moccasins
  6 orc warriors
  A swamp drake (D:9)
  A black bear (D:6)
  2 ice beasts (D:7)
  A necrophage (D:5)
  4 ogres
  3 centaurs
  A lemure (D:6)
  A phantom (D:5)
  A bullfrog (D:7)
  A kobold brigand (D:8)
  2 wyvern zombies
  3 scorpions
  A water moccasin zombie (D:5)
  15 wights
  6 killer bees (D:9)
  5 howler monkeys
  A bullfrog zombie (D:5)
  2 centaur zombies
  A hound (D:4)
  2 jellies
  3 gnoll shamans
  9 orc priests
  2 centaur skeletons
  Ijyb (D:5)
  An iguana (D:6)
  9 orc wizards
  2 howler monkey zombies
  9 gnolls
  5 adders
  A shadow imp (D:5)
  A white imp (D:8)
  An ufetubus (D:5)
  2 adder zombies
  A worm (D:3)
  44 orcs
  3 ball pythons
  6 endoplasms
  10 giant cockroaches
  8 goblins
  5 hobgoblins
  8 kobolds
  3 quokkas
  A bat (D:1)
  5 frilled lizards
  A rat (D:2)
225 creatures vanquished.

Vanquished Creatures (others)
  An unseen horror (D:6)
  A bullfrog (D:7)
  An orc wizard (D:5)
  5 plants
8 creatures vanquished.

Grand Total: 233 creatures vanquished

Notes
Turn   | Place    | Note
-------+----------+-------------------------------------------
     0 | D:1      | Mandhar the Gargoyle Berserker began the quest for the Orb.
     0 | D:1      | Reached XP level 1. HP: 14/14 MP: 1/1
   547 | D:1      | Reached XP level 2. HP: 9/19 MP: 2/2
  1258 | D:2      | Found a faded altar of an unknown god.
  1328 | D:2      | Reached XP level 3. HP: 24/24 MP: 3/3
  1622 | D:2      | Found a bloodstained altar of Trog.
  1632 | D:2      | Reached ** piety under Trog
  2096 | D:2      | Reached XP level 4. HP: 21/29 MP: 4/4
  2347 | D:2      | Gained mutation: You are agile. (Dex +2) [potion of
                  | mutation]
  2347 | D:2      | Gained mutation: Your magical capacity is low. (-10% MP)
                  | [potion of mutation]
  2347 | D:2      | Gained mutation: Your natural rate of healing is unusually
                  | fast. [potion of mutation]
  2555 | D:3      | Reached skill level 1 in Axes
  2817 | D:3      | Found a glowing golden altar of the Shining One.
  2926 | D:3      | Found a glowing silver altar of Zin.
  3208 | D:4      | Found a staircase to the Ecumenical Temple.
  3217 | D:4      | Reached XP level 5. HP: 29/34 MP: 4/4
  3524 | D:4      | Reached XP level 6. HP: 36/39 MP: 5/5
  3600 | D:4      | Found a shimmering altar of Xom.
  3601 | D:4      | Found an ornate altar of the Wu Jian Council.
  3643 | D:4      | Noticed Edmund
  3657 | D:4      | Killed Edmund
  3658 | D:4      | Reached skill level 5 in Fighting
  3729 | D:4      | Reached XP level 7. HP: 36/44 MP: 6/6
  3912 | D:4      | Found Esucubui's Assorted Antiques.
  3994 | D:5      | Entered Level 5 of the Dungeon
  4052 | D:5      | Reached skill level 5 in Armour
  4133 | D:5      | Noticed a yak
  4133 | D:5      | Noticed a yak
  4133 | D:5      | Noticed a yak
  4141 | D:5      | Noticed a yak
  4184 | D:5      | Killed a yak
  4185 | D:5      | Reached skill level 5 in Axes
  4185 | D:5      | Reached XP level 8. HP: 51/51 MP: 7/7
  4188 | D:5      | Killed a yak
  4190 | D:5      | Killed a yak
  4194 | D:5      | Killed a yak
  4241 | D:5      | Noticed Ijyb
  4262 | D:5      | Killed Ijyb
  4375 | D:5      | Found a white marble altar of Elyvilon.
  4641 | D:5      | Found a radiant altar of Vehumet.
  4856 | D:5      | Reached XP level 9. HP: 53/57 MP: 8/8
  5001 | D:5      | Found a stormy altar of Qazlal.
  5162 | D:6      | Reached *** piety under Trog
  5175 | D:6      | Noticed a two-headed ogre
  5234 | D:6      | Killed an unseen horror
  5279 | D:6      | Killed a two-headed ogre
  5609 | D:6      | Found a blossoming altar of Fedhas.
  5623 | D:6      | You fall into a shaft and drop 2 floors!
  5654 | D:7      | Reached XP level 10. HP: 64/64 MP: 9/9
  5876 | D:6      | Found Zuholorph's Magic Scroll Emporium.
  6220 | D:7      | Noticed Pikel
  6231 | D:6      | Killed Pikel
  6526 | D:7      | Noticed Harold
  6584 | D:7      | Killed Harold
  6877 | D:8      | Noticed a purple ugly thing
  6884 | D:8      | Killed a purple ugly thing
  6898 | D:8      | Identified the +3 shortbow of Guosu {venom, Will+}
  7001 | D:8      | Reached **** piety under Trog
  7014 | D:8      | Reached skill level 1 in Bows
  7035 | D:8      | Reached XP level 11. HP: 29/71 MP: 9/9
  7702 | D:8      | Noticed a boulder beetle
  7716 | D:8      | Killed a boulder beetle
  7717 | D:8      | Reached skill level 10 in Fighting
  7935 | D:9      | Noticed a two-headed ogre
  7946 | D:9      | Killed a two-headed ogre
  8197 | D:4      | Bought a shiny chain mail for 165 gold pieces
  8660 | D:9      | Reached ***** piety under Trog
  8690 | D:9      | Found a staircase to the Orcish Mines.
  8915 | D:9      | Found a staircase to the Lair.
  8970 | D:9      | Found an opulent altar of Gozag.
  9324 | D:9      | Reached skill level 10 in Armour
  9419 | Orc:1    | Entered Level 1 of the Orcish Mines
  9419 | Orc:1    | Noticed an orc knight
  9419 | Orc:1    | Noticed an orc warlord
  9419 | Orc:1    | Noticed an orc sorcerer
  9422 | Orc:1    | Noticed a two-headed ogre
  9423 | Orc:1    | Noticed an orc knight
  9425 | Orc:1    | Reached skill level 5 in Bows
  9425 | Orc:1    | Noticed a sun demon
  9425 | Orc:1    | HP: 4/108 [orc priest/divine providence (14)]
  9428 | D:9      | Slain by an orc warlord

Illustrated notes

Levels and vault maps discovered:
D:1:      saegor_arrival_simple_c, layout_basic, minmay_lizard_pond
D:2:      minmay_roachtagon, layout_basic, ebering_ecumenical_altar_ruins,
          basic_altar
D:3:      layout_basic, zin_treasury, nicolae_overflow_crystal_walls,
          minivault_14
D:4:      layout_gridville, gammafunk_temple_overflow_statue,
          minmay_temple_entry_proselytizer, serial_shops, shop, fountainhead,
          uniq_edmund
D:5:      layout_basic, mainiacjoe_overflow_chevrons, elyvilon_altar_4,
          grunt_qazlal_sundering, grunt_ministairs_11, interstate_on_off,
          kennysheep_generic_room_6, uniq_ijyb
D:6:      layout_loops_ring, fedhas_bush_and_centaur_altar, serial_shops,
          nicolae_shop_waterfront, kb_rosetta
D:7:      layout_rooms, uniq_harold, uniq_pikel
D:8:      hangedman_cross_stitches, layout_cave_pools, special_room
          [special_room_orc], feat_on_display
D:9:      layout_stronghold, mainiacjoe_overflow_concentric_impassable,
          david_lair_shrubbed, erik_orc_1
Orc:1:    layout_diamond_mine, basic_altar, uniq_erica

Skill      XL: |  1  2  3  4  5  6  7  8  9 10 11 |
---------------+----------------------------------+-----
Armour         | 3 4 5 6 8 9 10 | 10.0
Fighting       | 4 5 6 7 8 9 10 | 10.2
Axes           | 1 2 3 5 6 8 9 |  9.8
Polearms       | 3 |  3.9
Bows           | 1 5 |  5.0
Maces & Flails | |  3.6
Dodging        | |  1.5

Action                   |  1- 3 |  4- 6 |  7- 9 | 10-12 || total
-------------------------+-------+-------+-------+-------++-------
Melee: Mace              |   129 |       |       |    32 ||   161
       Battleaxe         |       |   136 |   227 |   200 ||   563
       Unarmed           |       |       |       |    25 ||    25
 Fire: Shortbow          |       |       |       |   178 ||   178
Throw: Throwing net      |       |       |       |     1 ||     1
Invok: Berserk           |     2 |     2 |     3 |     6 ||    13
       Trog's Hand       |       |     2 |     3 |     6 ||    11
Evoke: Wand              |       |       |     1 |       ||     1
  Use: Scroll            |     2 |     8 |     5 |     7 ||    22
       Potion            |       |     2 |       |     1 ||     3
 Stab: Confused          |       |       |       |     1 ||     1
Armor: Animal skin       |    12 |       |       |       ||    12
       Leather armour    |    47 |   127 |    33 |       ||   207
       Chain mail        |       |       |   195 |   388 ||   583
       Skin              |       |       |       |     2 ||     2
Dodge: Dodged            |    89 |    61 |   125 |   224 ||   499

Table legend: (Time is in decaauts)
 A = Elapsed time spent in this place.
 B = Non-inter-level travel time spent in this place.
 C = Inter-level travel time spent in this place.
 D = Time resting spent in this place.
 E = Time spent auto-exploring this place.
 F = Levels seen in this place.
 G = Mean time per level.
                   A        B        C        D        E       F      G
               +--------+--------+--------+--------+--------+-----+--------+
         Total |   9771 |   9180 |    591 |    763 |   5478 |  10 |  977.1 |
       Dungeon |   9765 |   9174 |    591 |    763 |   5478 |   9 | 1085.0 |
  Orcish Mines |      6 |      6 |      0 |      0 |      0 |   1 |    6.0 |
               +--------+--------+--------+--------+--------+-----+--------+

Top non-repeatable levels by time:
     D:9: 1494 daAuts
     D:5: 1263 daAuts
     D:6: 1254 daAuts
     D:2: 1221 daAuts
     D:1: 1200 daAuts
     D:4: 938 daAuts
     D:3: 887 daAuts
     D:8: 874 daAuts
     D:7: 631 daAuts
   Orc:1: 6 daAuts
